 Dungeon Crawl Stone Soup version 0.25-a0-404-gc1b5a34 (webtiles) character file.

Game seed: 10112672822020525864, levelgen mode: deterministic

43 BlueFish the Insei (level 3, 0/23 HPs)
             Began as an Octopode Transmuter on Jan 11, 2020.
             Slain by an orc
             ... wielding a +0 flail of crushing
              (2 damage)
             ... on level 2 of the Dungeon.
             The game lasted 00:02:15 (1129 turns).

BlueFish the Insei (Octopode Transmuter)            Turns: 1129, Time: 00:02:16

Health: 0/23       AC:  1    Str: 10    XL:     3   Next: 58%
Magic:  5/6        EV: 13    Int: 15    God:
Gold:   49         SH:  0    Dex: 12    Spells: 0/6 levels left

rFire    . . .     SeeInvis .     - Unarmed
rCold    . . .     Gourm    .   (no shield)
rNeg     . . .     Faith    .   (helmet restricted)
rPois    .         Spirit   .   (no amulet)
rElec    .         Reflect  .   (no ring)
rCorr    .         Harm     .   (no ring)
MR       .....                  (no ring)
Stlth    +++.......             (no ring)
HPRegen  0.07/turn              (no ring)
MPRegen  0.10/turn              (no ring)
                                (no ring)
                                (no ring)

@: appendage (expiring)
A: almost no armour, stealthy swim, amphibious, 8 rings, constrict 8, tentacle
spike 3, camouflage 1, gelatinous body 1
a: End Transformation


You were on level 2 of the Dungeon.
You were not hungry.
One of your tentacles had a temporary spike.
You visited 1 branch of the dungeon, and saw 2 of its levels.

You collected 49 gold pieces.

Inventory:

Missiles
 a - 24 arrows
Potions
 d - a potion of invisibility {unknown}
 e - a potion of agility {unknown}
Comestibles
 b - a chunk of flesh
 c - 2 rations


   Skills:
 + Level 1.1 Fighting
 + Level 2.1 Dodging
 + Level 1.3 Stealth
 + Level 3.6 Unarmed Combat
 + Level 2.1 Spellcasting
 + Level 2.2 Transmutations
 * Level 1.0 Poison Magic


You couldn't memorise any spells.
You knew the following spells:

 Your Spells              Type           Power        Failure   Level  Hunger
a - Beastly Appendage     Tmut           #.....       9%          1    #......
b - Sticks to Snakes      Tmut           #.......     13%         2    ###....
c - Spider Form           Tmut/Pois      #.........   32%         3    ###....

Your spell library contained the following spells:

 Spells                   Type           Power        Failure   Level  Hunger
 Ice Form                 Ice/Tmut       #.......     80%         4    #####..
 Blade Hands              Tmut           #.........   94%         5    ######.


Dungeon Overview and Level Annotations

Branches:
Dungeon (2/15)

Altars:
Uskayaw
Yredelemnul


Innate Abilities, Weirdness & Mutations

You cannot wear most types of armour.
You are very stealthy in the water. (Stealth+)
You are amphibious.
You can wear up to eight rings at the same time.
You can use your tentacles to constrict eight enemies at once.
Your skin changes colour to match your surroundings (Stealth+).
Your rubbery body absorbs attacks. (AC +1, EV +1)
One of your tentacles bears a large vicious spike.


Message History

The orc hits you with a +0 club.
You tentacle-slap the orc but do no damage.
You grab the orc.
The orc is almost dead.
You constrict the orc, but do no damage.
The orc hits you with a +0 club.
* * * LOW HITPOINT WARNING * * *
You tentacle-slap the orc.
You kill the orc!
You tentacle-slap the orc. Your grab misses the orc.
The orc is heavily wounded.
The orc misses you.
You tentacle-slap the orc. Your grab misses the orc.
Your tentacle spike misses the orc.
Your tentacle-slap misses the orc.
The orc is heavily wounded.
You barely miss the orc. Your grab misses the orc.
The orc is heavily wounded.
The orc hits you with a +0 flail of crushing.
* * * LOW HITPOINT WARNING * * *
You die...

#....##.... #..#
##.##.###.#.
#...####...#.###.#.
#........_.......#.
..###.#...####..#.
... #.##.## #....
#g# #....# #..#.
#o# ####.# #..#.
#@######.#####..#.
#.................
#.##..##.#####..#.
#.##..##.# ###..#.
#.##...... ......
#.##..##.#####..#.
#.##............#.
#.##.............<
#. #..####.###..##


You could see an orc and a hobgoblin.

Vanquished Creatures
  An adder (D:2)
  An ooze (D:1)
  2 orcs (D:2)
  6 bats
  2 giant cockroaches
  2 goblins (D:1)
  4 hobgoblins
  4 kobolds (D:1)
  5 rats
27 creatures vanquished.

Notes
Turn   | Place    | Note
-------+----------+-------------------------------------------
     0 | D:1      | BlueFish the Octopode Transmuter began the quest for the
                  | Orb.
     0 | D:1      | Reached XP level 1. HP: 13/13 MP: 3/3
   255 | D:1      | Reached XP level 2. HP: 16/18 MP: 3/5
   259 | D:1      | Learned a level 2 spell: Sticks to Snakes
   599 | D:1      | Reached skill level 1 in Stealth
   776 | D:1      | Reached XP level 3. HP: 20/23 MP: 6/6
   781 | D:1      | Learned a level 3 spell: Spider Form
  1042 | D:2      | Found a basalt altar of Yredelemnul.
  1096 | D:2      | Found a hide-covered altar of Uskayaw.
  1121 | D:2      | Reached skill level 1 in Poison Magic
  1129 | D:2      | Slain by an orc

Levels and vault maps discovered:
D:1:      dpeg_arrival_round_a, layout_basic, st_stairs_6
D:2:      layout_basic, nemelex_xobeh_ov_fountains_minmay, lemuel_crystal_altar,
          nicolae_overflow_crystal_walls

Skill      XL: |  1  2  3 |
---------------+----------+-----
Stealth        | 1 |  1.3
Poison Magic   | 1 |  1.0
Fighting       | |  1.1
Dodging        | |  2.1
Unarmed Combat | |  3.6
Spellcasting   | |  2.1
Transmutations | |  2.2

Action                   || total
-------------------------++-------
Melee: Unarmed           ||    59
       Constrict         ||    17
       Tentacles         ||     6
       Kick              ||     6
       Punch             ||     1
 Cast: Beastly Appendage ||     8
 Stab: Sleeping          ||     5
  Eat: Chunk             ||     1
Armor: Skin              ||     7
Dodge: Dodged            ||    31

Table legend:
 A = Non-vault XP
 B = Vault XP
 C = Vault XP percentage of total XP
 D = Non-vault monster count
 E = Vault monster count
 F = Vault count percentage of total count
                 A         B        C        D         E       F
            +---------+---------+-------+---------+---------+-------
      Total |      59 |       3 |   4.8 |      25 |       2 |   7.4
            +---------+---------+-------+---------+---------+-------
        D:1 |      33 |       3 |   8.3 |      18 |       2 |  10.0
        D:2 |      26 |       0 |   0.0 |       7 |       0 |   0.0
            +---------+---------+-------+---------+---------+-------
